[Event "*** Titled Tuesday Blitz"]
[Site "Chess.com"]
[Date "2020.04.28"]
[Round "7"]
[White "jucAxx"]
[Black "dennisodessa"]
[Result "0-1"]
[WhiteElo "2108"]
[BlackElo "2308"]
[TimeControl "180+1"]
[EndTime "11:19:45 PDT"]
[Termination "dennisodessa won by resignation"]

1. e4 e6 2. Nf3 d5 3. e5 c5 4. b4 c4 5. c3 a5 6. b5 Nd7 7.
d3 cxd3 8. Bxd3 Nc5 9. O-O Ne7 10.
Be3 Nxd3 11. Qxd3 Nf5 12. Nd4 Nxe3 13. Qxe3 Bd7 14. Nd2 Rc8 15. a4 Qb6 16. Qg3 g6 17.
h4 Bg7 18. h5 Qc7 19. N2f3 Qxc3 20. Qg5 h6 21. Qg3 g5 22. Rfd1 O-O 23. Ra2 Rc4 24. Rc2 Qb4 25. Ra2 Rc3 26. Qg4 Rfc8 27. Nxg5 hxg5 28.
Qxg5 Kh7 29. Ne2 R3c4 30. h6 Bh8 31. Kf1 Qb3 32. Rad2 Rc2 33. Qe7 Be8 34. f4 Rxd2 35. Rxd2 Qxa4 36. b6 Qd7 37. Qg5 Qd8 38. Qg4 Qxb6 39.
g3 Qb1+ 40. Kf2 Qf5 41. Qxf5+ exf5 42. Rxd5 a4 43. Nd4 a3 44. Nxf5 a2 45. Ra5 Rc2+ 46.
Ke3 b6 47. Ra8 Bc6 48. Ra7 Bd5 49. Kd4 Be6 50. Nd6 Rc1 51. f5 a1=Q+ 52. Rxa1 Rxa1 53. fxe6 fxe6 54. Nf7 Rg1 55. Kc4 Rxg3 56. Kb5 Re3 57. Ng5+ Kxh6 58. Nf7+ Kg7 59. Nd8 Rxe5+ 60. Kxb6 Kf6 61.
Kc6 Rh5 62. Kd6 e5 63. Nc6 Bg7 64. Kd5 Bf8 65. Nb4 Bxb4 0-1

[Event "*** Titled Tuesday Blitz"]
[Site "Chess.com"]
[Date "2020.04.28"]
[Round "7"]
[White "Rsnr"]
[Black "Man-Chuk"]
[Result "0-1"]
[WhiteElo "2841"]
[BlackElo "2741"]
[TimeControl "180+1"]
[EndTime "11:19:47 PDT"]
[Termination "Man-Chuk won by resignation"]

1. d4 Nf6 2. c4 e6 3. Nf3 d5 4.
g3 Bb4+ 5. Bd2 Be7 6. Bg2 O-O 7.
O-O c6 8. Qc2 Nbd7 9. Bf4 b6 10.
Rd1 Ba6 11. Ne5 Nxe5 12. dxe5 Ng4 13. Bf3 g5 14. Bxg4 gxf4 15. Nd2 f5 16. exf6 Rxf6 17. cxd5 exd5 18. Ne4 Rh6 19. gxf4 Qf8 20. Ng3 Qxf4 21. Qf5 Rf8 22. Qxf4 Rxf4 23. h3 Rg6 24. e3 Rf8 25.
Rac1 Bh4 26. Kg2 Bb7 27. Rc2 Rgf6 28. Rdd2 c5 29. Nh5 d4+ 30. Kg1 Rd6 31. exd4 Rxd4 32. Rxd4 cxd4 33. f4 d3 34. Rc7 Be4 35. Rg7+ Kh8 36.
Rd7 Rc8 37. Rxd3 Rc2 38. Rd1 Rg2+ 39. Kf1 Rxb2 40. f5 Rf2+ 41. Kg1 Rg2+ 42. Kf1 Rf2+ 43. Kg1 Kg8 44. Rc1 Rg2+ 45. Kf1 Rxa2 46. Rc8+ Kf7 47.
Rc7+ Kf8 48. Rc8+ Ke7 49. Rc7+ Kd6 50. Rxh7 Rf2+ 51. Kg1 Rc2 52. Kf1 Bd3+ 53. Kg1 Rc1+ 54. Kg2 Be4+ 55. Bf3 Rc2+ 56. Kf1 Bxf3 57. Rh6+ Ke5 58.
Re6+ Kxf5 59. Ng7+ Kf4 60. Nh5+ Bxh5 0-1

[Event "*** Titled Tuesday Blitz"]
[Site "Chess.com"]
[Date "2020.04.28"]
[Round "7"]
[White "TheBigBoss04"]
[Black "Gurvich_Vitaly"]
[Result "0-1"]
[WhiteElo "2721"]
[BlackElo "2571"]
[TimeControl "180+1"]
[EndTime "11:19:47 PDT"]
[Termination "Gurvich_Vitaly won by resignation"]

1. d4 d5 2. c4 dxc4 3. e4 Nc6 4. Nf3 Bg4 5. d5 Ne5 6. Bf4 Bxf3 7. gxf3 Ng6 8. Be3 e5 9. dxe6 Qxd1+ 10. Kxd1 O-O-O+ 11. Ke1 fxe6 12. Bxc4 e5 13. Ke2 Nf6 14. Nc3 c6 15. a3 Nh5 16. Rhd1 Nhf4+ 17. Kf1 Be7 18. Bxa7 Rhf8 19. Bb6 Rxd1+ 20. Rxd1 Nh4 21. Ne2 Nxf3 22. Nxf4 exf4 23. Be6+ Kb8 24. Rd7 Bf6 25. Ke2 Ne5 26.
Rd1 Re8 27. Bb3 f3+ 28. Kf1 Ng6 29. Rd3 Nh4 30. Re3 Bxb2 31. a4 Be5 32. h3 Bc7 33.
Bd4 Bf4 34. Re1 Ng2 35. Rd1 Rxe4 36. Bxg7 Be5 37. Bh6 Rh4 38. Bg5 Rxh3 39. Kg1 Bh2+ 40. Kf1 Bd6 41. Kg1 Be5 42. Bd2 Bh2+ 43. Kf1 Bf4 44.
Kg1 Bxd2 45. Rxd2 Ka7 46. Bd1 Nf4 47. Rd4 Rh4 48. Re4 Nh3+ 49. Kh2 Rxe4 50. Kxh3 Rd4 51. Bxf3 Rxa4 52. Kg3 Ra3 53. Kf4 Rxf3+ 54. Kxf3 Kb6 55. Kf4 Kc7 56. Kg5 Kd7 57. Kf6 Ke8 58. f4 Kf8 59. Ke6 h5 60. Kf5 h4 61. Kg4 b5 62. Kxh4 b4 63. Kg5 b3 64. Kf6 b2 65. f5 0-1

[Event "*** Titled Tuesday Blitz"]
[Site "Chess.com"]
[Date "2020.04.28"]
[Round "7"]
[White "Borsuk_Konstantin"]
[Black "dbrankovic68"]
[Result "1-0"]
[WhiteElo "2569"]
[BlackElo "2371"]
[TimeControl "180+1"]
[EndTime "11:19:47 PDT"]
[Termination "Borsuk_Konstantin won on time"]

1. d4 Nf6 2. c4 g6 3. Nc3 Bg7 4. e4 d6 5. h3 O-O 6. Be3 c6 7.
Nf3 a6 8. a4 a5 9. Be2 Qc7 10. O-O e5 11. Rc1 exd4 12. Nxd4 Re8 13. f3 Na6 14. g4 Nc5 15. Kg2 Qb6 16. Qd2 Qc7 17. Rcd1 Bd7 18. Bf4 Bf8 19. h4 Rad8 20. h5 Bc8 21. hxg6 fxg6 22. Qc2 Qf7 23. Bg3 Bg7 24. Nb3 Nxb3 25. Qxb3 Qe7 26. Qb6 Nd7 27. Qxa5 Ne5 28. Qb4 Be6 29. a5 Rf8 30. Na4 c5 31. Qb3 Nc6 32. Nb6 Nd4 33. Qd3 Bf7 34. Rf2 Rfe8 35. Bf1 Be6 36. Kg1 h5 37. gxh5 gxh5 38. Rg2 Rf8 39. f4 Bg4 40. Nd5 Qf7 41. Re1 Be6 42.
f5 Bxd5 43. exd5 Rde8 44. Re6 Bf6 45. Bxd6+ Kh7 46. Bxf8 Rxf8 47. Qh3 Rg8 48. Rxg8 Kxg8 49. Qg2+ Kf8 50. Bd3 Bg7 51. Qg6 Qd7 52. f6 Nxe6 53.
fxg7+ Nxg7 54. Qf6+ Kg8 55. Qg5 Kf8 56. Kg2 Qe8 57.
Qf6+ Kg8 58. Qf4 Qe7 59. d6 Qe6 60. Be2 h4 61. Bg4 Qe1 62. d7 Qe7 63. Kh3 Kh7 64.
Qf3 1-0

[Event "*** Titled Tuesday Blitz"]
[Site "Chess.com"]
[Date "2020.04.28"]
[Round "7"]
[White "Shield12"]
[Black "chessablanca"]
[Result "1-0"]
[WhiteElo "2824"]
[BlackElo "2445"]
[TimeControl "180+1"]
[EndTime "11:19:47 PDT"]
[Termination "Shield12 won by resignation"]

1. e4 e5 2. Nf3 Nc6 3. Bc4 Bc5 4. c3 Nf6 5. d3 d6 6. a4 a5 7. O-O h6 8. Re1 O-O 9. Nbd2 Bb6 10. h3 Ne7 11. d4 Ng6 12. Bd3 Nf4 13. Bf1 Qe7 14.
Nc4 Ng6 15. Nxb6 cxb6 16. Qb3 exd4 17. Nxd4 d5 18. e5 Nd7 19. e6 Nc5 20. Qxb6 fxe6 21. Be3 Ne4 22. f3 Ng3 23. Bd3 Nh4 24. Bf2 Qg5 25. Kh2 Ngf5 26. Bf1 e5 27. Nxf5 Nxf5 28. Qc7 Qf4+ 29. Kg1 Re8 30. Bb5 Re7 31. Qd8+ Kh7 32.
Bd3 e4 33. fxe4 dxe4 34. Bc2 e3 35. Bg3 Qxg3 36. Bxf5+ Bxf5 37. Qxe7 Qf2+ 38. Kh1 Bxh3 39. Qe4+ Bf5 40. Qxe3 Qxe3 41. Rxe3 Rd8 42. Re5 Bg6 43. Rxa5 Rd2 44. Rb5 Be4 45. Rg1 h5 46. Rxh5+ Kg6 47. Rb5 Kf6 48. a5 Rd8 49. Kh2 g5 50.
Kg3 Bc6 51. Rb6 Rd3+ 52. Kh2 Kf5 53. a6 Kg4 54. axb7 Rd7 55. Re1 Bxb7 56. Rb4+ Kh5 57.
g4+ Kh4 58. Re2 Bf3 59. Rf2 Bd5 60. Rf8 Rh7 61. Rd4 Be6 62. Rf3 Bxg4 63. Rg3 Kh5 64. Rdxg4 Rf7 65. Rxg5+ Kh6 66. Rg6+ Kh5 67. R6g5+ Kh4 68.
Rg8 Rf2+ 69. Rg2 1-0

[Event "*** Titled Tuesday Blitz"]
[Site "Chess.com"]
[Date "2020.04.28"]
[Round "7"]
[White "grunbergmihai"]
[Black "Skatchkov_V"]
[Result "1-0"]
[WhiteElo "2419"]
[BlackElo "2541"]
[TimeControl "180+1"]
[EndTime "11:19:49 PDT"]
[Termination "grunbergmihai won by resignation"]

1. Nf3 Nf6 2. c4 b6 3. g3 Bb7 4. Bg2 e6 5. O-O Be7 6. Nc3 O-O 7. d4 Ne4 8. Qc2 Nxc3 9. Qxc3 d6 10. Rd1 Nd7 11.
b3 c5 12. Bb2 Bf6 13. Qd3 Qc7 14. Rd2 cxd4 15. Bxd4 Rad8 16. Rad1 Nc5 17. Qe3 Ne4 18. Bxf6 Nxf6 19. Ng5 Bxg2 20. Kxg2 h6 21. Nf3 Rd7 22. Qf4 Rfd8 23. e4 Qb7 24. Re1 d5 25. cxd5 exd5 26. exd5 Rxd5 27. Rxd5 Qxd5 28. Qe5 Qc6 29. Qf4 b5 30.
Kg1 a6 31. h4 Qc3 32. Qe3 Qb2 33. Re2 Qb1+ 34. Kg2 Rd1 35. a4 Rh1 36. Re1 Rxe1 37. Nxe1 b4 38. Nf3 a5 39. Ne5 Nd5 40. Qf3 Nf6 41.
Qa8+ Kh7 42. Qxa5 Qxb3 43. Qa7 Qd5+ 44. Nf3 b3 45. Qb6 Ne4 46. Kg1 Nc5 47. a5 Qxf3 48. Qxc5 b2 49. Qc2+ g6 50. Qxb2 Qd1+ 51. Kh2 Qf1 52. Qa2 Qa6 53. Qxf7+ Kh8 54. Qf8+ Kh7 55. Qc5 h5 56. Qb6 Qf1 57. a6 Kh6 58. a7 Qa1 59. Qe3+ Kh7 60. Qe7+ Kh6 61. Qf8+ Kh7 62. a8=Q 1-0

[Event "*** Titled Tuesday Blitz"]
[Site "Chess.com"]
[Date "2020.04.28"]
[Round "7"]
[White "tacticthunder"]
[Black "Riptide27"]
[Result "0-1"]
[WhiteElo "2653"]
[BlackElo "2504"]
[TimeControl "180+1"]
[EndTime "11:19:51 PDT"]
[Termination "Riptide27 won by checkmate"]

1. e4 e5 2. Nf3 Nc6 3. Bc4 Nf6 4.
d3 Be7 5. Nc3 d6 6. h3 Na5 7.
Bb3 c5 8. O-O O-O 9. Nd2 Nxb3 10.
axb3 d5 11. exd5 Nxd5 12. Nc4 Nxc3 13. bxc3 f6 14. Qf3 Qc7 15. Ne3 Be6 16. c4 b6 17. Nd5 Qd7 18. Bb2 Bxd5 19. Qxd5+ Qxd5 20. cxd5 Bd6 21. Ra6 Rf7 22. Rfa1 Rb7 23. g4 Kf7 24. Kf1 Ke7 25. Ke2 Kd7 26. f3 Bc7 27. Ke3 b5 28. Ke4 Bb6 29. c4 bxc4 30. bxc4 Re8 31. Bc3 g6 32.
Ba5 Kc7 33. Bxb6+ axb6 34. Ra7 Rb8 35. Ra8 b5 36. cxb5 Rxb5 37. R1a7+ R8b7 38. Rxb7+ Rxb7 39. Rf8 Rb4+ 40. Ke3 Rf4 41. Rf7+ Kd6 42. Rxh7 Kxd5 43. h4 f5 44. g5 c4 45. dxc4+ Rxc4 46. Rh6 Rc2 47. Rxg6 f4+ 48. Kd3 Rf2 49. h5 Rxf3+ 50. Ke2 Rh3 51. h6 e4 52. Rg7 e3 53. h7 Ke4 54. Re7+ Kf5 55. Rg7 Ke4 56. Re7+ Kf5 57.
Rg7 Rh2+ 58. Kd3 e2 59. Kd2 f3 60. g6 Rh1 61. Rf7+ Kxg6 62. Re7 Rxh7 63. Rxh7 Kxh7 64. Ke1 Kg6 65. Kf2 Kf5 66. Kxf3 e1=Q 67. Kg2 Qe4+ 68.
Kf2 Qc2+ 69. Kg1 Kf4 70. Kh1 Kf3 71. Kg1 Qg2# 0-1

[Event "*** Titled Tuesday Blitz"]
[Site "Chess.com"]
[Date "2020.04.28"]
[Round "7"]
[White "XiaoKangZhong"]
[Black "EnergeticHay"]
[Result "1/2-1/2"]
[WhiteElo "2359"]
[BlackElo "2215"]
[TimeControl "180+1"]
[EndTime "11:19:51 PDT"]
[Termination "Game drawn - insufficient material"]

1. e4 c5 2. c3 d5 3. exd5 Qxd5 4.
d4 Nf6 5. Nf3 Bg4 6. Be2 e6 7.
O-O Nc6 8. h3 Bh5 9. Be3 cxd4 10. Nxd4 Bxe2 11. Qxe2 Be7 12. Nb5 Qe5 13. Nd2 a6 14.
Nd4 Nxd4 15. cxd4 Qb8 16. Nc4 b5 17. Ne5 Qb7 18. Rac1 O-O 19. Rc2 Rac8 20. Rfc1 Nd5 21. Nc6 Bf6 22. Qf3 Rc7 23. Nb4 Rxc2 24. Rxc2 Rd8 25.
Nxd5 Rxd5 26. Rc5 Kf8 27. Rxd5 Qxd5 28. Qxd5 exd5 29. Kf1 Ke7 30. Ke2 Ke6 31. Kd3 Be7 32. Bf4 Bb4 33. Be3 f5 34. Bd2 Be7 35. g3 Bd6 36.
Be3 h6 37. h4 Be7 38. Bd2 g5 39. hxg5 hxg5 40. Ke3 Bf6 41. Kd3 Kd6 42. Be3 Kc6 43. Bd2 Kb6 44. a3 Be7 45. Be3 Bf6 46. Bd2 Kc7 47.
Be3 Kd6 48. Bd2 Be7 49. Be3 Ke6 50. Bd2 Kf6 51. Be3 Bd6 52. Bd2 f4 53. gxf4 gxf4 54. Ke2 Kf5 55. Kf3 Bc7 56. Bc1 Bb6 57. Bxf4 Bxd4 58. Bc1 Ke6 59. Ke2 Ke5 60. f3 a5 61.
Kd3 Bc5 62. Bd2 Bb6 63. Bc3+ d4 64. Bd2 Kd5 65. Be1 Bc7 66. Bf2 Be5 67. Bg1 Bf6 68.
Bf2 a4 69. Be1 Be5 70. Bd2 Bf6 71. Bc1 Bg7 72. Bd2 Be5 73. Bc1 Bg3 74. Bd2 Bf2 75. Bb4 Be3 76. Bd2 Bxd2 77. Kxd2 Kc4 78. Kc2 d3+ 79. Kd2 Kd4 80. f4 Ke4 81. f5 Kxf5 82. Kxd3 Ke5 83. Kc3 Kd5 84. Kb4 Kc6 85. b3 axb3 86.
Kxb3 Kc5 87. a4 b4 88. a5 Kb5 89. a6 Kxa6 90. Kxb4 1/2-1/2

[Event "*** Titled Tuesday Blitz"]
[Site "Chess.com"]
[Date "2020.04.28"]
[Round "7"]
[White "BakaPG"]
[Black "Akhayan"]
[Result "0-1"]
[WhiteElo "2668"]
[BlackElo "2307"]
[TimeControl "180+1"]
[EndTime "11:19:53 PDT"]
[Termination "Akhayan won on time"]

1. e4 e6 2. d3 d5 3. Nd2 Nf6 4. Ngf3 Be7 5. g3 O-O 6. Bg2 c5 7. O-O Nc6 8. e5 Nd7 9. Re1 a5 10. h4 Qc7 11. Qe2 b5 12. Nf1 Nd4 13. Nxd4 cxd4 14.
Bf4 Bb7 15. Rac1 a4 16. c3 dxc3 17. bxc3 Qb6 18. Ne3 b4 19. c4 d4 20. Bxb7 Qxb7 21.
Ng2 b3 22. Rb1 Rfb8 23. h5 Qc6 24. h6 g6 25. axb3 axb3 26. Rb2 Ba3 27. Rbb1 Be7 28. Red1 Ra2 29. Qg4 Nc5 30. Ne1 b2 31. Bg5 Bf8 32.
Qxd4 Na4 33. Nc2 Bc5 34. Qf4 Nc3 35. d4 Ne2+ 36. Kh2 Nxf4 37. Bxf4 Bf8 38. d5 Qxc4 39. Ne3 Qe2 40. Kg2 Ra1 41. Rxa1 bxa1=Q 42. Rxa1 Rb2 43. Rf1 exd5 44. Nd1 Ra2 45. Nc3 Qc2 46. Nxa2 Qxa2 47. Be3 d4 48. Bg5 d3 49. Rd1 Qd5+ 50. f3 Bb4 51. Bf4 d2 52. Kf2 Qd3 53. Be3 Ba5 54. f4 Kf8 55. Kf3 Ke8 56. Kf2 Qd5 57. Ke2 Qc4+ 58.
Kf2 Qd3 59. g4 Bc3 60. g5 Bd4 61. Bxd4 Qxd4+ 62. Kf3 Qd3+ 63. Kf2 Ke7 64. f5 gxf5 65. e6 Kxe6 66. g6 fxg6 67. Kg2 f4 68. Kh2 Qg3+ 69. Kh1 Qf3+ 70. Kh2 Qxd1 71. Kh3 Qf3+ 0-1

[Event "*** Titled Tuesday Blitz"]
[Site "Chess.com"]
[Date "2020.04.28"]
[Round "7"]
[White "Vice64"]
[Black "Chessmasterzt"]
[Result "1-0"]
[WhiteElo "2615"]
[BlackElo "2491"]
[TimeControl "180+1"]
[EndTime "11:19:54 PDT"]
[Termination "Vice64 won on time"]

1. e4 d5 2. exd5 Nf6 3. Nc3 Nxd5 4. Nf3 Bg4 5. h3 Bh5 6. Bc4 c6 7. O-O e6 8. d4 Be7 9. Ne4 Nf6 10. Nxf6+ Bxf6 11. c3 Nd7 12. Bf4 Nb6 13. Be2 Nd5 14. Be5 Bxf3 15. Bxf3 Bxe5 16. dxe5 Nf4 17. Qa4 Ng6 18. Rfe1 Qc7 19. Qe4 O-O 20. h4 h6 21. h5 Ne7 22.
Bd1 f5 23. exf6 Rxf6 24. Bb3 Nd5 25. Bc2 Qf4 26. Qxf4 Nxf4 27. Bb3 Kf7 28. Rad1 Ke7 29. Rd4 Rd8 30. Rxd8 Kxd8 31. g3 Nd3 32. Re2 Ke7 33. Bc4 Nc5 34. b4 Na4 35. Re3 b5 36. Bb3 Nb6 37. Re5 Nd5 38. Bxd5 cxd5 39. f4 Kd6 40. Kf2 Rf8 41. Ke3 a5 42. a3 axb4 43. axb4 Ra8 44. Kf3 Ra1 45. Re3 Rf1+ 46. Kg2 Rb1 47. Rd3 Rb2+ 48. Kf3 Rb1 49. Re3 d4 50. Rd3 e5 51.
fxe5+ Kxe5 52. Rxd4 Rf1+ 53. Kg4 Rc1 54. Rd3 Rc2 55.
Re3+ Kf6 56. Kf4 Rf2+ 57. Ke4 Kg5 58. Kd4 Rf5 59. Re5 Rxe5 60. Kxe5 Kxh5 61. Kd4 Kg4 62. c4 bxc4 63. b5 Kxg3 64. b6 g5 65. b7 h5 66.
b8=Q+ Kh3 67. Qb1 g4 68. Qh1+ Kg3 69. Qxh5 c3 70. Kxc3 Kf4 71. Kd2 g3 72. Ke2 g2 73.
Qf3+ 1-0

[Event "*** Titled Tuesday Blitz"]
[Site "Chess.com"]
[Date "2020.04.28"]
[Round "7"]
[White "korkmaz16"]
[Black "KrakenBeast"]
[Result "0-1"]
[WhiteElo "2275"]
[BlackElo "2422"]
[TimeControl "180+1"]
[EndTime "11:19:54 PDT"]
[Termination "KrakenBeast won by resignation"]

1. e4 c5 2. Nc3 e6 3. f4 Nc6 4.
Nf3 g6 5. Bb5 Bg7 6. Bxc6 dxc6 7. O-O Ne7 8. d3 b6 9. Qe1 Ba6 10. f5 gxf5 11. Qg3 Rg8 12. Qh3 Qd7 13. Bg5 O-O-O 14.
exf5 exf5 15. Bxe7 Qxe7 16. Qxf5+ Kb8 17. Rae1 Qc7 18. Ne5 Bc8 19. Qe4 Bxe5 20. Qxe5 Be6 21. Qxc7+ Kxc7 22. Ne4 c4 23. dxc4 Bxc4 24. Rf2 Be6 25.
h4 Rg4 26. Ng5 Bd5 27. Nxf7 Rf8 28. Re7+ Kb8 29. h5 Rfg8 30. Ree2 Rh4 31. h6 Rf8 32.
Re7 a5 33. b3 a4 34. c4 Bxf7 35. Rexf7 Rxf7 36. Rxf7 axb3 37. axb3 Rxh6 38. Kf2 Rh1 39. Rg7 h5 40. Kg3 Rb1 41. Kh4 Rxb3 42. Kxh5 Rc3 43. Rg4 Kc7 44. Rf4 Kd6 45. g4 Ke5 46. Rf5+ Ke6 47.
Rf4 Ke5 48. Rf5+ Ke4 49. Rf6 Rxc4 50. g5 Ke5 51. Rf8 Rc1 52. g6 Rh1+ 53. Kg5 Rg1+ 54.
Kh5 c5 55. Kh6 Rh1+ 56. Kg5 b5 57. g7 Rg1+ 58. Kh6 b4 59. g8=Q Rxg8 60. Rxg8 c4 61. Rb8 b3 62. Re8+ Kd4 63. Kg5 b2 64. Rd8+ Kc3 65. Rb8 Kc2 66. Kf4 c3 67. Ke3 b1=Q 68. Rxb1 Kxb1 69. Kd3 c2 0-1

[Event "*** Titled Tuesday Blitz"]
[Site "Chess.com"]
[Date "2020.04.28"]
[Round "7"]
[White "Zq1"]
[Black "AquivaRubinstein"]
[Result "0-1"]
[WhiteElo "2566"]
[BlackElo "2431"]
[TimeControl "180+1"]
[EndTime "11:19:57 PDT"]
[Termination "AquivaRubinstein won on time"]

1. d4 Nf6 2. c4 c5 3. Nf3 cxd4 4. Nxd4 e5 5. Nb5 d5 6. cxd5 Bc5 7. N5c3 O-O 8. g3 Re8 9. Bg2 e4 10. O-O Bf5 11. Bg5 Nbd7 12. Nd2 h6 13. Bxf6 Nxf6 14. e3 a6 15. Rc1 Rc8 16. Qa4 Qe7 17. h3 h5 18. Rfd1 Rcd8 19. Ndxe4 Nxe4 20. Nxe4 b5 21. Qb3 Ba7 22. Nc3 Qd7 23. Kh2 h4 24. Ne2 Bb8 25. Qb4 hxg3+ 26. Nxg3 Bg6 27. Qh4 Re5 28. Kg1 Rde8 29.
Rc3 b4 30. Rc4 a5 31. Rcd4 Ba7 32. R4d2 Qd6 33. Kh1 R5e7 34. Ne2 Qe5 35. Nf4 Be4 36. d6 Rb7 37. Qg3 g6 38. Bxe4 Qxe4+ 39. Qg2 Rd7 40. Nd5 Qf5 41. Qg4 Qe5 42. Qf4 Qe6 43. Nf6+ Kg7 44.
Nxd7 Qxd7 45. Qg3 Re6 46. Kg2 Bb8 47. Rd4 Rf6 48. Rf4 Ba7 49. Rxf6 Kxf6 50. Qf4+ Kg7 51. Qe5+ Kg8 52. Qe7 Qc6+ 53. Kg1 Bc5 54. Qd8+ Kg7 55.
d7 Qf3 56. Qe8 Qxd1+ 57. Kg2 Bb6 58. Qe5+ Kg8 59. Qb8+ Kg7 60. Qxb6 Qd5+ 61. e4 Qd1 62. Qc7 Qd4 63. d8=Q Qxe4+ 64. Kf1 Qb1+ 65. Ke2 Qe4+ 66. Kd2 Qf4+ 67. Kd1 Qf3+ 68. Ke1 Qe4+ 69. Kd2 Qf4+ 70. Kd3 Qf3+ 71. Kc4 Qe2+ 72. Kc5 Qc2+ 73. Kb6 Qe2 0-1

[Event "*** Titled Tuesday Blitz"]
[Site "Chess.com"]
[Date "2020.04.28"]
[Round "7"]
[White "Confer77"]
[Black "Mimsychess"]
[Result "0-1"]
[WhiteElo "2468"]
[BlackElo "2360"]
[TimeControl "180+1"]
[EndTime "11:19:59 PDT"]
[Termination "Mimsychess won by resignation"]

1. d4 d5 2. Nc3 Nf6 3. Bf4 a6 4. e3 e6 5. g4 c5 6. g5 Nfd7 7. Qf3 Nc6 8. O-O-O Be7 9. h4 b5 10. Kb1 b4 11. Nce2 Bb7 12. Qg3 c4 13. Bc7 Qc8 14. Nc1 e5 15. dxe5 Qxc7 16. e6 Nde5 17. exf7+ Kf8 18.
Rxd5 Rd8 19. Bxc4 Bd6 20. Be2 Ne7 21. Rxd6 Qxd6 22. Rh2 Nxf7 23. f4 Nf5 24. Qh3 Be4 25.
Bd3 Bxd3 26. Nxd3 Qd5 27. Re2 Re8 28. Nf3 Rxe3 29. Rxe3 Nxe3 30. Qc8+ Qd8 31. Qc5+ Qe7 32. Qc8+ Qe8 33. Qc5+ Kg8 34. Nxb4 Qf8 35. Qxe3 Qxb4 36. Qe8+ Qf8 37. Qe6 g6 38. Ne5 Qg7 39. Nd7 Qd4 40.
a3 Kg7 41. f5 gxf5 42. Nf6 Rd8 43. Nh5+ Kf8 44. g6 Qd1+ 45. Ka2 Qd5+ 46. Qxd5 Rxd5 47. gxf7 Kxf7 48. c4 Rd4 49. c5 Rxh4 50. Ng3 f4 51.
Nf5 Rh2 52. c6 Rc2 53. Nd4 Rc4 54. Kb3 Rc5 55. Kb4 Rc1 56. Nf3 Kf6 57. Nd2 Rxc6 58. Ne4+ Ke5 59. Nf2 Rc2 60. Nd3+ Kd4 61. Nxf4 Rxb2+ 62. Ka4 Rf2 63. Ne6+ Kc4 64. Ng5 Rf5 65. Nxh7 Kc3 66.
Ng5 Rf4+ 67. Ka5 Rf5+ 68. Ka4 Kc4 69. Ne4 Kd4 70. Nd6 Rf4 71. Nb7 Kd5+ 72. Ka5 Kc6 73. Kxa6 Ra4+ 74. Na5+ Kc5 75. Kb7 Rxa5 0-1

[Event "*** Titled Tuesday Blitz"]
[Site "Chess.com"]
[Date "2020.04.28"]
[Round "7"]
[White "hedgehog280"]
[Black "Alohamora11"]
[Result "1/2-1/2"]
[WhiteElo "2685"]
[BlackElo "2529"]
[TimeControl "180+1"]
[EndTime "11:20:02 PDT"]
[Termination "Game drawn - insufficient material"]

1. c4 c5 2. Nf3 g6 3. d4 Bg7 4. e4 cxd4 5. Nxd4 Nc6 6. Be3 Nf6 7. Nc3 O-O 8. Be2 d6 9. O-O Bd7 10. h3 Nxd4 11. Bxd4 Bc6 12. Qc2 a5 13. Rad1 Nd7 14.
Bxg7 Kxg7 15. Bg4 Ne5 16. c5 Nxg4 17. hxg4 Qc8 18. cxd6 Qxg4 19. dxe7 Rfe8 20. f3 Qe6 21. Nd5 Bxd5 22. Rxd5 Rxe7 23. Rfd1 Qb6+ 24. Qf2 Ra6 25.
R1d4 Qa7 26. Kh2 Rc7 27. Qg3 Re7 28. Rd8 Qb6 29. b3 a4 30. b4 a3 31. Kh1 Qc7 32. f4 Rxe4 33. Rxe4 Qxd8 34. b5 Rd6 35. Qxa3 Rd1+ 36. Kh2 Rd3 37. Qb2+ Qf6 38. Qxf6+ Kxf6 39. Rc4 Ra3 40. Rc7 Rxa2 41. Rxb7 h5 42. Rc7 Rb2 43.
Rc5 Ke6 44. Kh3 Kf6 45. g3 Ke6 46. Kh4 Kf6 47. Rc6+ Kg7 48. Rb6 Rh2+ 49. Kg5 Rg2 50. Kh4 Rh2+ 51. Kg5 Rh3 52. f5 Rxg3+ 53. Kf4 Rg4+ 54.
Ke5 Rg5 55. Rf6 Rg1 56. Rb6 Re1+ 57. Kd5 gxf5 58. Ra6 h4 59. Ra4 Rh1 60. b6 Kg6 61. Kc6 Rb1 62. b7 Kg5 63. Ra5 Rxb7 64. Kxb7 h3 65.
Kc6 Kg4 66. Kd5 h2 67. Ra1 Kg3 68. Ke5 f4 69. Ke4 f3 70. Ke3 f2 71. Rf1 Kg2 72. Rxf2+ Kg1 73. Ke2 h1=Q 74. Rf1+ Kg2 75. Rxh1 Kxh1 76.
Kf3 Kh2 77. Kf4 Kg2 78. Kf5 Kf3 79. Kf6 Kf4 80. Kxf7 1/2-1/2

[Event "*** Titled Tuesday Blitz"]
[Site "Chess.com"]
[Date "2020.04.28"]
[Round "7"]
[White "talman67"]
[Black "Generalas"]
[Result "0-1"]
[WhiteElo "2557"]
[BlackElo "2399"]
[TimeControl "180+1"]
[EndTime "11:20:02 PDT"]
[Termination "Generalas won by resignation"]

1. e4 e5 2. Nf3 Nc6 3. Bb5 a6 4. Ba4 Nf6 5. O-O Be7 6. Re1 b5 7. Bb3 O-O 8. c3 d5 9. exd5 Nxd5 10. Nxe5 Nxe5 11. Rxe5 c6 12. d3 Bd6 13. Re1 Qh4 14.
g3 Qh3 15. Qf3 Bg4 16. Qg2 Qh5 17. Nd2 Rae8 18. Ne4 f5 19. Bd2 Bf3 20. Bd1 fxe4 21. dxe4 Bxd1 22. Raxd1 Nf6 23. f3 Nd7 24. Be3 Ne5 25. Rf1 Nc4 26. Bc1 Bc5+ 27. Kh1 Be3 28. Bxe3 Nxe3 29. Qe2 Nxd1 30. Qxd1 Rd8 31. Qe2 Qh6 32.
f4 Qd6 33. e5 Qd2 34. Qg4 Qd5+ 35. Kg1 Qxa2 36. f5 Qc4 37. Qxc4+ bxc4 38. e6 Rd5 39. g4 h5 40. h3 Rd3 41. Kg2 Re8 42. Rf4 hxg4 43. hxg4 Kf8 44. Rxc4 Rc8 45. Rb4 Rc7 46.
Rb8+ Ke7 47. Rg8 Kf6 48. Rf8+ Kg5 49. Kf2 Kxg4 50. Ke2 Rd5 51. f6 Re5+ 52. Kd3 Rxe6 53. f7 Rf6 54. Ra8 Rcxf7 55. Rxa6 Rd7+ 56. Kc4 Rb7 57.
b4 Kf5 58. Kc5 Rb5+ 59. Kc4 Re5 60. Ra7 g5 61. Rg7 g4 62. Kb3 Kf4 63. c4 Rg5 64. Re7 g3 65. Re1 g2 66. Rg1 Ke3 67. Ka4 Kd4 68. b5 cxb5+ 69. cxb5 Rb6 70. Ka3 Rbxb5 71. Rd1+ Ke3 72. Rg1 Kf2 0-1

[Event "*** Titled Tuesday Blitz"]
[Site "Chess.com"]
[Date "2020.04.28"]
[Round "7"]
[White "I_Hit_18K_on_BS"]
[Black "inegrepus"]
[Result "1-0"]
[WhiteElo "2176"]
[BlackElo "2251"]
[TimeControl "180+1"]
[EndTime "11:20:03 PDT"]
[Termination "I_Hit_18K_on_BS won by resignation"]

1. e4 e6 2. d4 d5 3. Nc3 Bb4 4. e5 c5 5. a3 Bxc3+ 6. bxc3 Qc7 7. Qg4 f5 8. Qg3 Ne7 9. Be2 O-O 10. Nh3 b6 11.
Nf4 Qd7 12. Nh5 Ng6 13. Nf4 Nxf4 14. Bxf4 Ba6 15. h4 Bxe2 16. Kxe2 Nc6 17. Qd3 Rac8 18.
h5 Na5 19. h6 g6 20. Rab1 Qa4 21. dxc5 Qxf4 22. cxb6 Qxe5+ 23. Qe3 Qxe3+ 24. Kxe3 axb6 25. Kd4 Rc4+ 26. Ke5 Kf7 27. f3 Ke7 28. Rxb6 Nc6+ 29.
Rxc6 Rxc6 30. Rb1 Rfc8 31. Rb7+ R8c7 32. Rb8 Rxc3 33. Rh8 Re3+ 34. Kf4 Rxa3 35. Rxh7+ Kd6 36. Rh8 Re3 37. Kxe3 Ke5 38. h7 g5 39. g3 f4+ 40.
gxf4+ gxf4+ 41. Kd3 Ra7 42. c4 dxc4+ 43. Kxc4 Rd7 44. Kc5 Rc7+ 45. Kb6 Rf7 46. Kc5 Kf6 47.
Kd4 Kg7 48. Re8 Kxh7 49. Ke5 Kg7 50. Kxe6 Ra7 51. Ke5 Ra4 52. Rd8 Kg6 53. Rg8+ Kf7 54. Rg4 Ra5+ 55. Kxf4 Kf6 56. Rg1 Ra4+ 57. Kg3 Ra3 58.
Rb1 Kf5 59. Rb5+ Kf6 60. Kg4 Ra4+ 61. f4 Kg6 62. Rb6+ Kf7 63. Kg5 Ra5+ 64. f5 Ra1 65.
Rb7+ Kf8 66. Kg6 Ra2 67. Rb8+ Ke7 68. f6+ Ke6 69. Re8+ Kd7 70. Re5 Rg2+ 71. Rg5 Rxg5+ 72. Kxg5 Ke8 73. Kg6 Kf8 74. f7 1-0

[Event "*** Titled Tuesday Blitz"]
[Site "Chess.com"]
[Date "2020.04.28"]
[Round "7"]
[White "Hippotaner"]
[Black "MisiekZielony"]
[Result "0-1"]
[WhiteElo "2236"]
[BlackElo "2125"]
[TimeControl "180+1"]
[EndTime "11:20:03 PDT"]
[Termination "MisiekZielony won on time"]

1. e4 Nf6 2. d3 e5 3. g3 d5 4. Nd2 c6 5. Bg2 g6 6. Ngf3 Nbd7 7. b3 Bg7 8. Bb2 Qc7 9. O-O O-O 10. exd5 cxd5 11. c4 d4 12. b4 Re8 13. Re1 Rb8 14. Ng5 h6 15. Nge4 b6 16. Qc2 Nxe4 17. Bxe4 Nf6 18. Bg2 Bf5 19. Ne4 Nxe4 20. Bxe4 Bxe4 21.
Rxe4 Re6 22. Rae1 Rbe8 23. a4 Qc6 24. R4e2 e4 25. dxe4 d3 26. Qxd3 Bxb2 27. Rxb2 Rxe4 28. Rxe4 Rxe4 29. Qd5 Qxc4 30. Qxc4 Rxc4 31. Kf1 Rc1+ 32. Ke2 Ra1 33. a5 bxa5 34. b5 Ra4 35. b6 axb6 36.
Rxb6 Rd4 37. h4 h5 38. Ra6 Rd5 39. Ke3 Kf8 40. Ke4 Rf5 41. Ra8+ Ke7 42. Ra7+ Kd6 43. Ra6+ Kc7 44. f4 Kb7 45. Rd6 a4 46. Rd2 Kb6 47. Rb2+ Rb5 48. Ra2 Ka5 49. Kd4 Rb4+ 50. Ke3 Rb3+ 51.
Kf2 Kb4 52. Rd2 a3 53. Rd8 Kc3 54. Rc8+ Kb2 55. Ra8 a2 56. f5 a1=Q 57. Rxa1 Kxa1 58. fxg6 fxg6 59. Kg2 Kb2 60. Kf2 Kc2 61. Kg2 Kd2 62. Kf2 Rd3 63. Kg2 Ke2 64. Kh2 Kf3 0-1